 Dungeon Crawl Stone Soup version 0.27-a0-1529-g1e82c303ef (webtiles) character file.

Game seed: 10666308135923219529

30 Demosthentine the Poker (level 3, 0/28 HPs)
             Began as a Merfolk Gladiator on July 11, 2021.
             Slain by a jackal (3 damage)
             ... on level 1 of the Dungeon.
             The game lasted 00:00:45 (873 turns).

Demosthentine the Poker (Merfolk Gladiator)          Turns: 873, Time: 00:00:45

Health: 0/28       AC:  4    Str: 15    XL:     3   Next: 18%
Magic:  3/3        EV: 13    Int:  7    God:
Gold:   55         SH:  0    Dex: 15    Spells: 2/2 levels left

rFire    . . .     SeeInvis .   a - +0 trident
rCold    . . .     Faith    .   (no shield)
rNeg     . . .     Spirit   .   b - +0 leather armour
rPois    .         Reflect  .   c - +0 helmet
rElec    .         Harm     .   (no cloak)
rCorr    .         Rampage  .   (no gloves)
Will     .....                  (no boots)
Stlth    +.........             (no amulet)
HPRegen  0.09/turn              (no ring)
MPRegen  0.08/turn              (no ring)

@: slowed, very slow
A: (nimble swimmer 2), mertail
a: no special abilities


You were on level 1 of the Dungeon.
You visited 1 branch of the dungeon, and saw 2 of its levels.

You collected 55 gold pieces.

Inventory:

Hand Weapons
 a - a +0 trident (weapon)
Missiles
 d - 3 throwing nets (quivered)
Armour
 b - a +0 leather armour (worn)
 c - a +0 helmet (worn)
Jewellery
 e - a +6 ring of intelligence
Potions
 f - a potion of might
 g - a potion of degeneration {unknown}


   Skills:
 + Level 2.7 Fighting
 + Level 4.9 Polearms
 - Level 2.0 Throwing
 + Level 0.8 Armour
 + Level 4.4 Dodging


You had 2 spell levels left.
You didn't know any spells.
Your spell library contained the following spells:

 Spells                   Type           Power      Damage    Failure   Level
 Summon Lightning Spire   Summ/Air       0%         N/A       99%         4
 Storm Form               Tmut/Air       0%         N/A       100%        7
 Maxwell's Capacitive Co  Air            0%         ∞         100%        8


Dungeon Overview and Level Annotations

Branches:
Dungeon (2/15)

Altars:

Annotations:
D:1 Jessica


Innate Abilities, Weirdness & Mutations

((You are quick and stealthy near water. (Stealth+, EV+, Speed+++)))
Your lower body shifts to a powerful aquatic tail in water.


Message History

The jackal bites you but does no damage.
Jessica barely misses you.
You closely miss Jessica.
Jessica is moderately wounded.
The jackal closely misses you. Jessica hits you with a +0 club.
The jackal bites you but does no damage.
Jessica hits you with a +0 club.
You barely miss Jessica.
Jessica is moderately wounded.
Jessica casts a spell at you.
You feel yourself slow down. The jackal closely misses you.
You closely miss Jessica.
Jessica is moderately wounded.
The ball python hisses angrily.
Jessica closely misses you. The jackal closely misses you.
Jessica closely misses you.
The jackal bites you but does no damage.
Jessica barely misses you.
The jackal bites you but does no damage.
You hit Jessica.
Jessica is almost dead.
Jessica hits you with a +0 club. The jackal bites you.
Jessica hits you with a +0 club. The jackal barely misses you.
Unknown command.
You are too injured to fight recklessly!
Jessica hits you with a +0 club.
* * * LOW HITPOINT WARNING * * *
The jackal bites you but does no damage.
Jessica hits you with a +0 club.
* * * LOW HITPOINT WARNING * * *
The jackal bites you but does no damage.
Jessica hits you with a +0 club.
* * * LOW HITPOINT WARNING * * *
You climb upwards.
There is a stone staircase leading down, spattered with blood here.
You see here a jackal corpse.
You closely miss Jessica.
Jessica is almost dead.
The jackal bites you.
You die...

.....####.##.# #..# #.# #
†............######..# #.# #
######.##.##.)....#..######.##
# #.##.##.####.#..........# #
#.##>##.# #.##.#...†...# #
######.##.##.# #.##.#.#####.#
# .............# #.##.#.#
#.####
######.#...######......#
#.#...
#.........@@..#.#.#####.#.##
#...........h...........#.# ##
#..[.....#.##.#.#.#######.#
.## ###...##.#.##.....# #.#
#.## #.............#.# #.#
##.# #...........###.# #.# #.#
#.####.####.# #.# #.# ##.# #.#
#.# #.# #.# #.# #.## #.# #.#
#.# #.# #.#


You could see Jessica (fast) and a jackal.

Vanquished Creatures
  A worm (D:2)
  A dart slug (D:1)
  A bat (D:1)
  2 endoplasms (D:1)
  3 giant cockroaches
  A hobgoblin (D:1)
  5 jackals (D:1)
  A quokka (D:1)
  2 ball pythons (D:1)
  A frilled lizard (D:1)
  A kobold (D:1)
  3 rats (D:1)
22 creatures vanquished.

Notes
Turn   | Place    | Note
-------+----------+-------------------------------------------
     0 | D:1      | Demosthentine the Merfolk Gladiator began the quest for the
                  | Orb.
     0 | D:1      | Reached XP level 1. HP: 16/16 MP: 1/1
   261 | D:1      | Reached XP level 2. HP: 23/23 MP: 2/2
   718 | D:2      | Reached XP level 3. HP: 28/28 MP: 3/3
   721 | D:2      | Noticed Jessica
   873 | D:1      | Slain by a jackal

Illustrated notes

Levels and vault maps discovered:
D:1:      eino_arrival_water_cross, layout_loops_ring
D:2:      layout_rooms, shapermc_ecumenical_altar_venn, serial_bayou_pond_c,
          uniq_jessica

Action                   || total
-------------------------++-------
Melee: Trident           ||    72
  Use: Scroll            ||     1
 Stab: Sleeping          ||     1
Armor: Leather armour    ||    18
Dodge: Dodged            ||    47

Table legend: (Time is in decaauts)
 A = Elapsed time spent in this place.
 B = Non-inter-level travel time spent in this place.
 C = Inter-level travel time spent in this place.
 D = Time resting spent in this place.
 E = Time spent auto-exploring this place.
 F = Levels seen in this place.
 G = Mean time per level.
                   A        B        C        D        E       F      G
               +--------+--------+--------+--------+--------+-----+--------+
         Total |    880 |    843 |     37 |    125 |    567 |   2 |  440.0 |
       Dungeon |    880 |    843 |     37 |    125 |    567 |   2 |  440.0 |
               +--------+--------+--------+--------+--------+-----+--------+

Top non-repeatable levels by time:
     D:1: 850 daAuts
     D:2: 29 daAuts
